 Dungeon Crawl Stone Soup version 0.30.0-29-ga12c61a403 (webtiles) character file.

Game seed: 7902678715124713445

64 Ijustatesigmund the Stinger (level 4, -2/28 HPs)
             Began as an Octopode Venom Mage on June 14, 2023.
             Slain by Pargi (4 damage)
             ... on level 3 of the Dungeon.
             The game lasted 00:03:29 (2434 turns).

Ijustatesigmund the Stinger (Octopode Venom Mage)   Turns: 2434, Time: 00:03:29

Health: -2/28      AC:  1    Str:  7    XL:     4   Next: 12%
Magic:  8/8        EV: 13    Int: 19    God:
Gold:   147        SH:  5    Dex: 12    Spells: 2/8 levels left

rFire   . . .        d - +3 dagger (flame)
rCold   . . .        (no shield)
rNeg    . . .        (helmet restricted)
rPois   +            o - amulet of reflection
rElec   .            i - ring of poison resistance
rCorr   .            (no ring)
SInv    .            (no ring)
Will    .....        (no ring)
Stlth   +++          (no ring)
HPRegen 0.24/turn    (no ring)
MPRegen 0.11/turn    (no ring)
                     (no ring)

%: reflection
@: hasted, very quick
A: almost no armour, amphibious, 8 rings, camouflage 1, gelatinous body 1,
(nimble swimmer 1), tentacles
a: no special abilities


You were on level 3 of the Dungeon.
You visited 1 branch of the dungeon, and saw 3 of its levels.

You collected 147 gold pieces.

Inventory:

Hand Weapons
 d - a +3 dagger of flaming (weapon)
Armour
 f - a +0 kite shield
Jewellery
 i - a ring of poison resistance (left tentacle)
 o - an amulet of reflection (around mantle)
 q - a ring of ice
Scrolls
 b - 5 scrolls of teleportation
Potions
 a - 2 potions of magic
 g - a potion of lignification
 j - a potion of mutation
 k - a potion of might {unknown}
 l - a potion of curing {unknown}
 p - a potion of heal wounds {unknown}
 r - a potion of invisibility {unknown}


   Skills:
 - Level 1.3 Fighting
 - Level 2.0 Dodging
 - Level 2.6 Stealth
 + Level 2.7 Spellcasting
 + Level 0.9 Conjurations
 - Level 1.0 Transmutations
 + Level 0.8 Air Magic
 + Level 4.4 Poison Magic


You had 2 spell levels left.
You knew the following spells:

 Your Spells              Type           Power      Damage    Failure   Level
a - Sting                 Tmut/Pois      48%        1d5       5%          1
b - Poisonous Vapours     Pois/Air       24%        N/A       8%          2
c - Mephitic Cloud        Conj/Pois/Air  10%        N/A       21%         3

Your spell library contained the following spells:

 Spells                   Type           Power      Damage    Failure   Level
 Olgreb's Toxic Radiance  Pois           19%        N/A       26%         4
 Dazzling Flash           Conj/Hex       8%         N/A       36%         3
 Call Canine Familiar     Summ           2%         N/A       43%         3
 Portal Projectile        Hex/Tloc       4%         N/A       43%         3
 Leda's Liquefaction      Hex/Erth       1%         N/A       83%         4
 Silence                  Hex/Air        2%         N/A       98%         5
 Agony                    Necr           2%         N/A       99%         5


Dungeon Overview and Level Annotations

Branches:
Dungeon (3/15)

Altars:
Uskayaw

Annotations:
D:3 Pargi


Innate Abilities, Weirdness & Mutations

You cannot wear most types of armour.
You are amphibious.
You can wear up to eight rings at the same time.
Your skin changes colour to match your surroundings (Stealth+).
Your rubbery body absorbs attacks. (AC +1, EV +1)
((You are camouflaged when in or above water. (Stealth+)))
You have tentacles for arms and can constrict up to eight enemies at once.


Message History

No target in view!
No target in view!
No target in view!
No target in view!
No target in view!
As you read the scroll labelled HATWE TAERAT, it crumbles to dust.
The air around you briefly surges with heat, but it dissipates.
It was a scroll of immolation.
Found a stone staircase leading up.
A frilled lizard comes into view.
Pargi and an orc come into view.
Found 4 stones.
The orc moves out of view.
There is a stone staircase leading up here.
The frilled lizard hisses angrily.
You miss the frilled lizard. Your grab misses the frilled lizard.
The frilled lizard barely misses you.
You hit the frilled lizard. You burn the frilled lizard.
You kill the frilled lizard!
You barely miss Pargi. You squeeze Pargi.
Pargi is lightly wounded.
Pargi misses you. Pargi closely misses you. Pargi claws you.
You hit Pargi. You burn Pargi.
Pargi is moderately wounded.
You block Pargi's attack. Pargi barely misses you. Pargi claws you.
You hit Pargi. You burn Pargi.
Pargi is moderately wounded.
Pargi barely misses you. x2; Pargi closely misses you.
You hit Pargi. You burn Pargi. Your squeeze misses Pargi.
Pargi is heavily wounded.
Pargi completely misses you. Pargi claws you. Pargi closely misses you.
You closely miss Pargi.
Pargi is moderately wounded.
Pargi bites you. Pargi completely misses you. Pargi claws you.
You are too injured to fight recklessly!
You are too injured to fight recklessly!
You are too injured to fight recklessly!
You feel yourself speed up. Pargi bites you!
* * * LOW HITPOINT WARNING * * *
Pargi claws you.
You die...

o........ #. .......
#.# ...... #.# ....
#.# ... #.#
##.#####.# #.#
#..T..(...
###.###.###<@#####
....................
##.###.###..#.....#
#..........#.#.###
#####.###..# # #
#.##...###
#.##.#.#~#
#.##.#.#~### ###
#.##.#.#~~~###~#


You could see Pargi and an orc (wandering).

Vanquished Creatures
  An adder (D:2)
  A worm (D:2)
  2 dart slugs
  5 ball pythons
  7 endoplasms
  4 giant cockroaches
  2 goblins (D:1)
  3 hobgoblins (D:2)
  4 kobolds
  A quokka (D:2)
  5 bats
  7 frilled lizards
  2 rats (D:1)
44 creatures vanquished.

Notes
Turn   | Place    | Note
-------+----------+-------------------------------------------
     0 | D:1      | Ijustatesigmund the Octopode Venom Mage began the quest for
                  | the Orb.
     0 | D:1      | Reached XP level 1. HP: 11/11 MP: 3/3
   296 | D:1      | Reached XP level 2. HP: 18/18 MP: 5/5
   299 | D:1      | Learned a level 2 spell: Poisonous Vapours
   567 | D:1      | Found a faded altar of an unknown god.
   661 | D:1      | Reached skill level 1 in Fighting
   661 | D:1      | Reached skill level 4 in Poison Magic
  1042 | D:2      | Reached XP level 3. HP: 22/23 MP: 3/6
  1054 | D:2      | Learned a level 3 spell: Mephitic Cloud
  1139 | D:2      | Found a hide-covered altar of Uskayaw.
  1926 | D:3      | Reached XP level 4. HP: 28/28 MP: 6/8
  2425 | D:3      | Noticed Pargi
  2434 | D:3      | Slain by Pargi

Illustrated notes

Levels and vault maps discovered:
D:1:      scummos_arrival_simple_fountains, layout_basic,
          shapermc_ecumenical_altar_flowoftime
D:2:      layout_basic, basic_altar, minmay_tetromino_t4
D:3:      layout_loops_ring, serial_rivers, chequers_serial_rivers_large_b,
          chequers_serial_rivers_micro_c, chequers_serial_rivers_micro_c,
          chequers_serial_rivers_micro_d, chequers_serial_rivers_micro_d,
          serial_bayou_pond_b, ebering_dispersal_statue_hall, uniq_pargi

Skill      XL: |  1  2 |
---------------+-------+-----
Fighting       | 1 |  1.3
Poison Magic   | 4 |  4.4
Dodging        | |  2.0
Stealth        | |  2.6
Spellcasting   | |  2.7
Conjurations   | |  0.9
Transmutations | |  1.0
Air Magic      | |  0.8

Action                     |  1- 3 |  4- 6 || total
---------------------------+-------+-------++-------
  Melee: Unarmed           |     5 |       ||     5
         Constrict         |     8 |       ||     8
         Dagger            |    34 |    10 ||    44
         Tentacles         |     7 |     1 ||     8
   Cast: Sting             |     6 |       ||     6
         Poisonous Vapours |    17 |     3 ||    20
    Use: Scroll            |       |     8 ||     8
         Potion            |       |     1 ||     1
   Stab: Sleeping          |     6 |     3 ||     9
 Armour: Skin              |     4 |       ||     4
  Dodge: Dodged            |    14 |    10 ||    24
  Block: Other             |       |     1 ||     1
